 Dungeon Crawl Stone Soup version 0.18.1-1-g2f07953 (webtiles) character file.

906 Eucla the Chopper (level 8, 0/67 HPs)
             Began as a Gargoyle Gladiator on May 6, 2016.
             Was an Initiate of Ru.
             Slain by Pikel
             ... wielding a +1 whip of freezing
              (1 damage)
             ... on level 4 of the Dungeon.
             The game lasted 00:04:32 (3530 turns).

Eucla the Chopper (Gargoyle Gladiator)              Turns: 3530, Time: 00:04:33

Health: 0/67       AC: 13    Str: 22 (24) XL:     8   Next: 8%
Magic:  8/8        EV:  8    Int:  7 (9)  God:    Ru [......]
Gold:   145        SH:  0    Dex:  9 (12) Spells: 0 memorised, 7 levels left

rFire  . . .     SeeInvis .     a - +0 war axe
rCold  + . .     Gourm    .     n - +0 chain mail
rNeg   + . .     Faith    .     (no shield)
rPois  ∞         Spirit   .     (helmet restricted)
rElec  +         Dismiss  .     (no cloak)
rCorr  .         Reflect  .     (no gloves)
SustAt .         Harm     .     (no boots)
MR     .....                    (no amulet)
Stlth  ..........               (no ring)
                                (no ring)

@: berserking, very quick, not resistant to hostile enchantments, extremely
unstealthy
A: horns 1, cold resistance 1, frail 1, negative energy resistance 1,
electricity resistance, unbreathing, petrification resistance, rot immunity, AC
+5
a: Renounce Religion


You were on level 4 of the Dungeon.
You worshipped Ru.
Ru was noncommittal.
You were not hungry.

You visited 1 branch of the dungeon, and saw 4 of its levels.

You collected 145 gold pieces.

Inventory:

Hand Weapons
 a - a +0 war axe (weapon)
Missiles
 d - 4 throwing nets (quivered)
Armour
 b - a +0 leather armour
 c - a +0 helmet
 m - a +2 helmet of see invisible
 n - a +0 chain mail (worn)
Jewellery
 o - an uncursed ring of ice
 r - an uncursed amulet of guardian spirit {unknown}
Scrolls
 i - 6 scrolls of identify {unknown}
 j - 2 scrolls of fog {unknown}
 k - a scroll of immolation {unknown}
 l - 4 scrolls of teleportation {unknown}
 p - 2 scrolls of enchant weapon {unknown}
 s - 3 scrolls of recharging {unknown}
 t - a scroll of remove curse {unknown}
 y - a scroll of noise {unknown}
Potions
 e - a potion of berserk rage
 h - a potion of curing
 q - 2 potions of haste
 x - a potion of invisibility
Comestibles
 f - 6 bread rations
 g - 4 meat rations
 v - 2 slices of pizza


   Skills:
 + Level 5.9 Fighting
 * Level 7.3 Axes
 - Level 1.7 Throwing
 - Level 2.4 Dodging


You had 7 spell levels left.
You didn't know any spells.

Dungeon Overview and Level Annotations

Branches:
Dungeon (4/15)
 Temple: D:4-7

Altars:
Ashenzari
Cheibriados
Dithmenos
Elyvilon
Gozag
Makhleb
Ru
Sif Muna

Annotations:
D:4 Pikel


Innate Abilities, Weirdness & Mutations

You are resistant to torment.
Your stone body is resilient (AC +5).
You are immune to poison.
You resist negative energy.
You are resistant to electric shocks.
You can survive without breathing.
You are immune to petrification.
You are immune to rotting.
You have a pair of small horns on your head.
Your flesh is cold resistant.
You are frail (-10% HP).


Message History

Beogh smites you!
* * * LOW HITPOINT WARNING * * *
Unknown command.
You slash the orc priest!
The orc priest is heavily wounded.
You hit the phantom.
The phantom is severely damaged.
The phantom blinks!
You slash the orc priest!
You kill the orc priest!
The phantom blinks!
Unknown command.
You hit the slave. You headbutt the slave!
The slave is heavily wounded.
You hit Pikel.
Pikel is lightly wounded.
Pikel hits you with a whip of freezing.
* * * LOW HITPOINT WARNING * * *
Pikel freezes you.
You die...

#....#o...#
#.........#
#....#..### #.##+###
#....#..# #.......
###p##..# #..##)#.
#o##..## # #).##
#.##...# #..'.
#p##...# #..#.
#@##...# ##'##
#K#....#######....
#p[...............
#............>....
#...§......#######
#..........#......
##..........#.#####
#...............###
##........######....


You could see Pikel, 3 slaves and an orc priest.

Vanquished Creatures
  Grinder (D:3)
  Sigmund (D:2)
  Eustachio (D:4)
  A sky beast (D:4)
  A slave (D:4)
  A hound (D:3)
  An orc priest (D:4)
  An orc wizard (D:4)
  An iguana (D:4)
  Robin (D:2)
  3 gnolls (D:4)
  6 adders
  2 dart slugs (D:1)
  A worm (D:3)
  A giant gecko (D:1)
  11 orcs
  12 bats
  3 giant cockroaches
  19 goblins
  11 hobgoblins
  3 quokkas
  A ball python (D:3)
  4 giant newts
  6 kobolds
  7 rats
  2 fungi (D:3)
102 creatures vanquished.

Notes
Turn   | Place    | Note
--------------------------------------------------------------
     0 | D:1      | Eucla the Gargoyle Gladiator began the quest for the Orb.
     0 | D:1      | Reached XP level 1. HP: 12/12 MP: 1/1
    59 | D:1      | Reached skill level 3 in Axes
    98 | D:1      | Reached XP level 2. HP: 18/18 MP: 2/2
   532 | D:1      | Reached XP level 3. HP: 20/22 MP: 3/3
  1193 | D:2      | Reached XP level 4. HP: 26/28 MP: 4/4
  1320 | D:2      | Noticed Sigmund
  1323 | D:2      | Found a deep blue altar of Sif Muna.
  1329 | D:2      | Gained mutation: You are frail (-10% HP). [potion of mutation]
  1329 | D:2      | Gained mutation: You have a pair of small horns on your head. [potion of mutation]
  1329 | D:2      | Gained mutation: Your flesh is cold resistant. [potion of mutation]
  1351 | D:2      | Killed Sigmund
  1351 | D:2      | Reached skill level 5 in Axes
  1351 | D:2      | Reached XP level 5. HP: 21/29 MP: 5/5
  1493 | D:2      | Found an opulent altar of Gozag.
  1504 | D:2      | Noticed Robin
  1516 | D:2      | Reached XP level 6. HP: 21/34 MP: 6/6
  1536 | D:2      | Killed Robin
  1868 | D:3      | Found a burning altar of Makhleb.
  1902 | D:3      | Found a white marble altar of Elyvilon.
  1988 | D:3      | Found a snail-covered altar of Cheibriados.
  2061 | D:3      | Found a sacrificial altar of Ru.
  2203 | D:3      | Became a worshipper of Ru the Awakened
  2238 | D:3      | Noticed Grinder
  2238 | D:3      | Paralysed by Grinder for 2 turns
  2258 | D:3      | Paralysed by Grinder for 5 turns
  2267 | D:3      | Killed Grinder
  2267 | D:3      | Reached skill level 5 in Fighting
  2267 | D:3      | Reached skill level 6 in Axes
  2267 | D:3      | Reached XP level 7. HP: 16/39 MP: 7/7
  2899 | D:4      | Noticed Eustachio
  2971 | D:4      | Killed Eustachio
  2971 | D:4      | Reached skill level 7 in Axes
  3175 | D:4      | Found a shadowy altar of Dithmenos.
  3284 | D:4      | Reached XP level 8. HP: 35/45 MP: 8/8
  3394 | D:4      | Found a shattered altar of Ashenzari.
  3496 | D:4      | Noticed Pikel
  3530 | D:4      | HP: 1/67 [Pikel/whip of freezing (4)]
  3530 | D:4      | Slain by Pikel

Skill      XL: |  1  2  3  4  5  6  7 |
---------------+----------------------+-----
Axes           | 3 5 6 7 |  7.3
Fighting       | 3 4 5 |  5.9
Throwing       | |  1.7
Dodging        | |  2.4

Action                   |  1- 3 |  4- 6 |  7- 9 || total
-------------------------+-------+-------+-------++-------
Melee: War axe           |    94 |   147 |   167 ||   408
       Headbutt          |       |    14 |    20 ||    34
  Use: Potion            |       |     5 |     8 ||    13
  Eat: Chunk             |       |     3 |     2 ||     5
       Meat ration       |       |     1 |       ||     1
Armor: Leather armour    |    25 |       |       ||    25
       Chain mail        |    15 |   121 |   158 ||   294
Dodge: Dodged            |    61 |    72 |    78 ||   211
